 Dungeon Crawl Stone Soup version 0.21.0-25-ge575cb9 (webtiles) character file.

562 aspa the Magician (level 7, -2/41 HPs)
             Began as an Octopode Wizard on Jan 22, 2018.
             Slain by an ice beast (5 damage)
             ... on level 4 of the Dungeon.
             The game lasted 00:30:36 (6009 turns).

aspa the Magician (Octopode Wizard)                 Turns: 6009, Time: 00:30:38

Health: -2/41      AC:  1    Str:  6    XL:     7   Next: 31%
Magic:  7/17       EV: 13    Int: 22    God:
Gold:   212        SH:  0    Dex: 11    Spells: 7/20 levels left

rFire    . . .     SeeInvis .   t - +0 dagger (curse)
rCold    + + .     Gourm    .   (no shield)
rNeg     + . .     Faith    .   a - +0 hat
rPois    +         Spirit   .   (no amulet)
rElec    +         Reflect  .   q - ring of positive energy
rCorr    +         Harm     .   s - -3 ring of slaying
MR       .....                  i - ring of ice
Stlth    +++.......             (no ring)
HPRegen  0.13/turn              (no ring)
MPRegen  0.15/turn              (no ring)
                                (no ring)
                                (no ring)

@: resistant, very slightly contaminated
A: almost no armour, stealthy swim, amphibious, 8 rings, constrict 8, camouflage
1, gelatinous body 1
a: no special abilities


You were on level 4 of the Dungeon.
You were not hungry.

You visited 1 branch of the dungeon, and saw 5 of its levels.
You also visited: Sewer.

You collected 212 gold pieces.

Inventory:

Hand Weapons
 m - a +0 spear
 n - a -3 whip
 t - a cursed +0 dagger (weapon)
 y - a +0 spear
Armour
 a - a +0 hat (worn)
Jewellery
 i - a ring of ice (on tentacle)
 q - a ring of positive energy (left tentacle)
 s - a -3 ring of slaying (right tentacle)
Wands
 l - a wand of polymorph (9)
Scrolls
 d - 5 scrolls of teleportation
 g - 3 scrolls of identify
 v - a scroll of amnesia
Potions
 e - a potion of brilliance {unknown}
 f - a potion of curing {unknown}
 h - 2 potions of lignification {unknown}
 j - a potion of agility {unknown}
 k - 2 potions of heal wounds
 o - a potion of berserk rage {unknown}
 r - a potion of degeneration {unknown}
 u - a potion of haste {unknown}
 w - a potion of mutation {unknown}
 x - 2 potions of flight {unknown}
 A - a potion of might {unknown}
Books
 b - a book of Minor Magic

   Spells                             Type                      Level
   a - Magic Dart                     Conjuration                  1
   b - Blink                          Translocation                2
   c - Call Imp                       Summoning                    2
   d - Slow                           Hexes                        2
   e - Conjure Flame                  Conjuration/Fire             3
   f - Mephitic Cloud                 Conjuration/Poison/Air       3
Miscellaneous
 p - a fan of gales (inert)
Comestibles
 c - 8 rations


   Skills:
 - Level 2.0 Dodging
 - Level 2.6 Stealth
 + Level 7.1 Spellcasting
 - Level 3.0 Conjurations
 - Level 1.0 Summonings
 - Level 1.0 Translocations


You had 7 spell levels left.
You knew the following spells:

 Your Spells              Type           Power        Failure   Level  Hunger
a - Magic Dart            Conj           ###.         2%          1    None
b - Call Imp              Summ           ##......     9%          2    None
c - Mephitic Cloud        Conj/Pois/Air  ##......     16%         3    None
d - Blink                 Tloc           N/A          9%          2    None
e - Slow                  Hex            #.......     12%         2    None
f - Conjure Flame         Conj/Fire      ##......     13%         3    None


Dungeon Overview and Level Annotations

Branches:
Dungeon (5/15)
 Temple: D:4-7

Altars:
Elyvilon
Gozag


Innate Abilities, Weirdness & Mutations

You cannot wear most types of armour.
You are very stealthy in the water. (Stealth+)
You are amphibious.
You can wear up to eight rings at the same time.
You can use your tentacles to constrict eight enemies at once.
Your skin changes colour to match your surroundings (Stealth+).
Your rubbery body absorbs attacks. (AC +1, EV +1)


Message History

A fierce wind blows from the fan.
Your white imp is blown away by the wind.
The ice beast hits you. The ice beast freezes you. You resist.
The ice beast hits you. The ice beast freezes you. You resist.
Your white imp is engulfed in freezing vapours.
The ice beast hits you. The ice beast freezes you. You resist.
The ice beast hits you.
* * * LOW HITPOINT WARNING * * *
The ice beast freezes you. You resist.
* * * LOW HITPOINT WARNING * * *
Your white imp is engulfed in freezing vapours.
There is a transporter here.
You enter the transporter and appear at another place.
The ice beast hits you.
* * * LOW HITPOINT WARNING * * *
The ice beast freezes you. You resist.
* * * LOW HITPOINT WARNING * * *
Your white imp is engulfed in freezing vapours.
The ice beast hits you.
You die...

#.#...........................###
#.#..............................
........#.#.......###....#.######
###.#####.#.#+#.########...# #
..........#.....##§§§§§######## #
###>............##§§§§§#§.§.§.# #
##<.......#.....##§§§§§#§§..§§###
##..............Y#.$.§§§.#.#§§#..
##........##.#..@#§..5§'...©.§#©.
...##+##..##.#.Y.#%$.§§§.#.#§§#..
...#......##.....#§§§§§#§§§§.§#..
...##.###.######.#§§§§§#§§..§§###
......#........#.#§§§§.##########
......#.#.#....#.#######........+
...##.#.#................##.#.###
......#.###....############'#....
......#)# #....###########...(...


You could see 2 ice beasts and a friendly white imp.

Vanquished Creatures
  A centaur (D:4)
  A bullfrog (Sewer)
  A hound (D:4)
  A worker ant (D:4)
  7 adders
  11 oozes (Sewer)
  A worm (D:3)
  2 dart slugs
  13 leopard geckos
  2 orcs (D:3)
  14 ball pythons (Sewer)
  3 bats
  19 giant cockroaches
  8 hobgoblins
  6 jackals
  15 frilled lizards
  6 goblins
  6 kobolds
  12 rats
129 creatures vanquished.

Vanquished Creatures (collateral kills)
  A bullfrog (Sewer)
  A worker ant (D:3)
  5 adders
  3 oozes (Sewer)
  2 worms (D:2)
  A leopard gecko (D:2)
  An orc (D:3)
  2 giant cockroaches (Sewer)
  3 jackals (D:2)
  A kobold (D:2)
  3 ball pythons
  3 frilled lizards (Sewer)
26 creatures vanquished.

Grand Total: 155 creatures vanquished

Notes
Turn   | Place    | Note
-------+----------+-------------------------------------------
     0 | D:1      | aspa the Octopode Wizard began the quest for the Orb.
     0 | D:1      | Reached XP level 1. HP: 11/11 MP: 4/4
   461 | D:1      | Reached XP level 2. HP: 12/17 MP: 4/6
   514 | D:1      | Learned a level 2 spell: Call Imp
  1656 | D:2      | Reached XP level 3. HP: 21/21 MP: 0/8
  1671 | D:1      | Learned a level 3 spell: Mephitic Cloud
  1674 | D:1      | Learned a level 2 spell: Blink
  1882 | D:2      | Reached skill level 4 in Spellcasting
  1886 | D:2      | Learned a level 2 spell: Slow
  2198 | D:2      | Reached XP level 4. HP: 26/27 MP: 1/10
  2714 | D:4      | Noticed a centaur
  2748 | D:4      | Found a transporter.
  3025 | D:4      | Reached XP level 5. HP: 31/31 MP: 3/11
  3045 | D:4      | Found a glowing drain.
  3102 | Sewer    | Entered a sewer
  3109 | Sewer    | Learned a level 3 spell: Conjure Flame
  3565 | Sewer    | Reached skill level 5 in Spellcasting
  4093 | Sewer    | Reached XP level 6. HP: 36/36 MP: 10/14
  4449 | Sewer    | Reached skill level 6 in Spellcasting
  4728 | D:3      | Found a white marble altar of Elyvilon.
  5313 | D:3      | Reached XP level 7. HP: 41/41 MP: 12/16
  5456 | D:5      | Entered Level 5 of the Dungeon
  5492 | D:4      | Reached skill level 7 in Spellcasting
  5527 | D:4      | Found an opulent altar of Gozag.
  5530 | D:4      | Found a transporter.
  6009 | D:4      | Slain by an ice beast

Skill      XL: |  1  2  3  4  5  6  7 |
---------------+----------------------+-----
Spellcasting   | 4 5 6 7 |  7.1
Conjurations   | 2 3 |  3.0
Dodging        | |  2.0
Stealth        | |  2.6
Summonings     | |  1.0
Translocations | |  1.0

Action                   |  1- 3 |  4- 6 |  7- 9 || total
-------------------------+-------+-------+-------++-------
Melee: Unarmed           |     7 |       |       ||     7
       Constrict         |     7 |    12 |     1 ||    20
       Tentacles         |     3 |    15 |     1 ||    19
       Whip              |    18 |     5 |       ||    23
       Spear             |     2 |       |       ||     2
       Dagger            |       |    61 |     7 ||    68
 Cast: Magic Dart        |    76 |   212 |    32 ||   320
       Call Imp          |    11 |    18 |     8 ||    37
       Mephitic Cloud    |       |     3 |     2 ||     5
Evoke: Fan of gales      |       |       |     1 ||     1
  Use: Scroll            |       |     6 |     2 ||     8
       Potion            |       |       |     1 ||     1
 Stab: Confused          |       |     1 |       ||     1
       Sleeping          |       |     1 |       ||     1
  Eat: Chunk             |     4 |    10 |     2 ||    16
Armor: Skin              |     4 |     7 |     1 ||    12
Dodge: Dodged            |    22 |    61 |    12 ||    95
